 Dungeon Crawl Stone Soup version 0.20-a0-463-g5747544 (webtiles) character file.

28 AlphabetPasta the Ducker (level 2, 0/14 HPs)
             Began as a Felid Abyssal Knight on Jan 10, 2017.
             Was a Follower of Lugonu.
             Slain by Ijyb
             ... wielding a +5 club
              (2 damage)
             ... on level 2 of the Dungeon.
             The game lasted 00:04:15 (1191 turns).

AlphabetPasta the Ducker (Felid Abyssal Knight)     Turns: 1191, Time: 00:04:16

Health: 0/14       AC:  1    Str:  8    XL:     2   Next: 96%
Magic:  4/4        EV: 19    Int: 13    God:    Lugonu [*.....]
Gold:   100        SH:  0    Dex: 15    Spells: 1/1 levels left
                                        Lives:  0   Deaths: 0

rFire  . . .     SeeInvis +       - Unarmed
rCold  . . .     Gourm    .     (armour unavailable)
rNeg   . . .     Faith    .     (shield unavailable)
rPois  .         Spirit   .     (helmet unavailable)
rElec  .         Reflect  .     (cloak unavailable)
rCorr  .         Harm     .     (gloves unavailable)
MR     .....                    (boots unavailable)
Stlth  ++........               (no amulet)
                                (no ring)
                                (no ring)

@: very slightly contaminated, invisible, quick
A: no armour, no weapons or thrown items, stealth, claws 1, fangs 3, see
invisible, carnivore 3, speed 1, shaggy fur 1, slow metabolism 1, sharp paws
a: Depart the Abyss, Renounce Religion


You were on level 2 of the Dungeon.
You worshipped Lugonu.
Lugonu was aware of your devotion.
You were completely stuffed.

You visited 1 branch of the dungeon, and saw 2 of its levels.
You visited the Abyss 1 time.

You collected 100 gold pieces.

Inventory:

Potions
 f - a potion of invisibility
Comestibles
 a - 2 meat rations
 c - 2 beef jerkies


   Skills:
 + Level 3.3 Fighting
 + Level 3.7 Dodging
 + Level 1.3 Stealth
 * Level 2.4 Unarmed Combat
 + Level 1.8 Invocations


You had one spell level left.
You didn't know any spells.

Dungeon Overview and Level Annotations

Branches:
Dungeon (2/15)

Altars:

Annotations:
D:2 Ijyb


Innate Abilities, Weirdness & Mutations

You cannot wear armour.
You are incapable of wielding weapons or throwing items.
Your paws allow you to move quietly. (Stealth)
You have sharp claws.
You have razor-sharp teeth.
You have supernaturally acute eyesight. (SInv)
You are carnivorous and can eat meat at any time.
You cover ground quickly.
You are covered in fur. (AC +1)
You have a slow metabolism.
Your sharp claws are effective at attacking unaware monsters.


Message History

You fade into invisibility!
Ijyb misses you.
You are very lightly contaminated with residual magic.
You catch the helpless Ijyb completely off-guard!
You scratch Ijyb.
Ijyb is heavily wounded.
Ijyb misses you.
You barely miss Ijyb. You bite Ijyb.
Ijyb is heavily wounded.
Ijyb completely misses you.
You closely miss Ijyb.
Ijyb is heavily wounded.
You completely miss Ijyb.
Ijyb is heavily wounded.
Ijyb shouts!
Ijyb barely misses you.
You scratch Ijyb.
Ijyb is heavily wounded.
Ijyb hits you with an enchanted club.
You die...

* **,,,* ##.## #.# ***,**,* #.#
###.#### ,*,***,* #.# #......#
*,** *,* ##'## #.#.##.# *** *,*
##...## #.#....# ***,* ##.....##
##.#.#..# **,*,*
##.......######..#....#
***,,,,**#...%.....#........?#.#
,,,,,,,,,+......@..+.).....#.#.##
***,,,,**#.......g.#.##รท.........
*,,,,* ##.......##.*##.###.###.
*,**** ##.....###.* #.....# #< *,*
**##...##*#.* #.###.# #.
***,******,,.....,,#.**#.#*#.#*#.
,,,,,,,,**,###.##*,#.,,...,...,..
***,***,**,* #.* *,##*##.########
* *,***,**,***,***,* #.#


You could see Ijyb.

Vanquished Creatures
  A dart slug (D:1)
  A giant cockroach (D:1)
  3 goblins
  5 hobgoblins
  4 kobolds (D:1)
  A quokka (D:2)
  3 ball pythons (D:1)
  2 bats (D:1)
  A frilled lizard (D:2)
  3 rats (D:1)
24 creatures vanquished.

Notes
Turn   | Place    | Note
-------+----------+-------------------------------------------
     0 | Abyss:1  | AlphabetPasta the Felid Abyssal Knight began the quest for the Orb.
     0 | Abyss:1  | Reached XP level 1. HP: 10/10 MP: 3/3
    48 | Abyss:1  | Noticed a chaos spawn
    50 | Abyss:1  | Noticed a smoke demon
    51 | Abyss:1  | Noticed a small abomination
    96 | Abyss:2  | Noticed a quasit
    96 | D:1      | Escaped the Abyss
   217 | D:1      | Reached * piety under Lugonu
   224 | D:1      | Reached XP level 2. HP: 8/14 MP: 4/4
   661 | D:1      | Reached skill level 1 in Stealth
  1174 | D:2      | Noticed Ijyb
  1191 | D:2      | Slain by Ijyb

Vault maps used:
D:1:      kilobyte_arrival_exit_the_forest
D:2:      lemuel_round_altar, lemuel_crystal_altar, first_bread, uniq_jessica,
          uniq_iyjb
Abyss:2:  hangedman_abyss_or_decor_jellyfish_corner

Skill      XL: |  1  2 |
---------------+-------+-----
Stealth        | 1 |  1.3
Fighting       | |  3.3
Dodging        | |  3.7
Unarmed Combat | |  2.4
Invocations    | |  1.8

Action                   || total
-------------------------++-------
Melee: Unarmed           ||    74
       Bite              ||     8
       Punch             ||     2
Invok: Depart the Abyss  ||     1
  Use: Scroll            ||     5
       Potion            ||     1
 Stab: Sleeping          ||     4
       Distracted        ||     1
       Invisible         ||     1
  Eat: Chunk             ||     8
Armor: Skin              ||     2
Dodge: Dodged            ||    47
